 Dungeon Crawl Stone Soup version 0.22-a0-179-gb5258fd (webtiles) character file.

18 wolfsongas the Ducker (level 2, 0/26 HPs)
             Began as a Gnoll Wanderer on Feb 13, 2018.
             Slain by Terence
             ... wielding a cursed -1 hand axe
              (3 damage)
             ... on level 2 of the Dungeon.
             The game lasted 00:04:13 (877 turns).

wolfsongas the Ducker (Gnoll Wanderer)               Turns: 877, Time: 00:04:13

Health: 0/26       AC:  5    Str: 13    XL:     2   Next: 66%
Magic:  2/2        EV: 13    Int: 12    God:
Gold:   82         SH:  0    Dex: 17    Spells: 2/2 levels left

rFire    . . .     SeeInvis .   h - +0 short sword (flame)
rCold    . . .     Gourm    .   (no shield)
rNeg     . . .     Faith    .   c - +0 ring mail
rPois    .         Spirit   .   (no helmet)
rElec    .         Reflect  .   (no cloak)
rCorr    .         Harm     .   (no gloves)
MR       .....                  (no boots)
Stlth    ++........             (no amulet)
HPRegen  0.08/turn              (no ring)
MPRegen  0.08/turn              (no ring)

@: no status effects
A: distributed training, fangs 1, strong nose
a: no special abilities


You were on level 2 of the Dungeon.
You were not hungry.

You visited 1 branch of the dungeon, and saw 2 of its levels.

You collected 82 gold pieces.

Inventory:

Hand Weapons
 d - a +1 hand crossbow {'}
 f - a +0 dagger
 h - a +0 short sword of flaming (weapon)
Missiles
 e - 32 bolts (quivered)
Armour
 c - a +0 ring mail (worn)
Scrolls
 a - a scroll of fear
 b - a scroll of blinking
Potions
 m - a potion of brilliance
 o - a potion of flight
Comestibles
 g - 3 rations
 i - 5 chunks of flesh


   Skills:
 + Level 4.5 Fighting
 + Level 0.5 Short Blades
 + Level 0.5 Long Blades
 + Level 0.5 Axes
 + Level 0.5 Maces & Flails
 + Level 0.5 Polearms
 + Level 0.5 Staves
 + Level 0.5 Slings
 + Level 0.5 Bows
 + Level 4.5 Crossbows
 + Level 0.5 Throwing
 + Level 0.5 Armour
 + Level 4.5 Dodging
 + Level 4.1 Stealth
 + Level 2.5 Shields
 + Level 2.5 Unarmed Combat
 + Level 0.5 Spellcasting
 + Level 0.3 Conjurations
 + Level 0.3 Hexes
 + Level 0.3 Charms
 + Level 0.3 Summonings
 + Level 0.3 Necromancy
 + Level 0.3 Translocations
 + Level 0.3 Transmutations
 + Level 0.3 Fire Magic
 + Level 0.3 Ice Magic
 + Level 0.3 Air Magic
 + Level 0.3 Earth Magic
 + Level 0.3 Poison Magic
 + Level 0.6 Invocations
 + Level 0.5 Evocations


You had 2 spell levels left.
You didn't know any spells.

Dungeon Overview and Level Annotations

Branches:
Dungeon (2/15)

Altars:

Annotations:
D:2 Terence


Innate Abilities, Weirdness & Mutations

Your experience applies equally to all skills.
You have very sharp teeth.
Your uncanny sense of smell can sniff out nearby items.


Message History

Terence hits you but does no damage.
You hit Terence. You bite Terence, but do no damage.
Terence is moderately wounded.
Terence barely misses you.
You hit Terence but do no damage.
Terence is moderately wounded.
Terence closely misses you.
You closely miss Terence.
Terence is moderately wounded.
Terence hits you but does no damage.
You hit Terence but do no damage. You bite Terence, but do no damage.
Terence is moderately wounded.
Terence closely misses you.
You barely miss Terence.
Terence is moderately wounded.
Terence barely misses you.
You closely miss Terence. Your bite misses Terence.
Terence is moderately wounded.
Terence hits you with a hand axe.
You die...

♣♣♣...##.#
♣...)###.# #♣♣
♣♣♣♣♣...# #.#
#.♣♣♣♣♣.♣♣...##
#.#
#...........##
##.#
###.#########
#..# #># #.##
#.### #.# #.@.#
#.# ###@#
####.#### (#
#.......# (#
#..)....# (#
#.......# .#
#........ .#
#.......# .#
#........
#.....[..


You could see Terence.

Vanquished Creatures
  2 leopard geckos
  A goblin (D:2)
  3 hobgoblins
  3 kobolds (D:1)
  A ball python (D:1)
  2 bats (D:1)
  2 frilled lizards (D:1)
  2 rats (D:1)
16 creatures vanquished.

Notes
Turn   | Place    | Note
-------+----------+-------------------------------------------
     0 | D:1      | wolfsongas the Gnoll Wanderer began the quest for the Orb.
     0 | D:1      | wolfsongas set off with: a scroll of fear, a scroll of blinking, a +0 ring mail, a +0 hand crossbow, 25 bolts, a +0 dagger, a ration
     0 | D:1      | Reached XP level 1. HP: 20/20 MP: 1/1
   456 | D:1      | Reached XP level 2. HP: 26/26 MP: 2/2
   842 | D:2      | Noticed Terence
   877 | D:2      | Slain by Terence

Vault maps used:
D:1:      dpeg_arrival_simpleton_a
D:2:      nicolae_overflow_crystal_walls, minitemple,
          gammafunk_temple_overflow_elements, chequers_ecumenical_altar_grove,
          tso_altar, uniq_terence, uniq_natasha

Action                   || total
-------------------------++-------
Melee: Short sword       ||    32
       Bite              ||     5
       Punch             ||     1
 Fire: Hand crossbow     ||    31
  Use: Scroll            ||     6
       Potion            ||     2
 Stab: Sleeping          ||     2
Armor: Ring mail         ||     3
Dodge: Dodged            ||    17

Table legend:
 A = Spawn XP
 B = Non-spawn XP
 C = Spawn XP percentage of total XP
 D = Spawn monster count
 E = Non-spawn monster count
 F = Spawn count percentage of total count
 G = Total turns spent on level
                    A         B        C        D         E        F      G
               +---------+---------+-------+---------+---------+-------+---------
         Total |       0 |      26 |   0.0 |       0 |      16 |   0.0 |   877
               +---------+---------+-------+---------+---------+-------+---------
           D:1 |       0 |      19 |   0.0 |       0 |      13 |   0.0 |   753
           D:2 |       0 |       7 |   0.0 |       0 |       3 |   0.0 |   124
               +---------+---------+-------+---------+---------+-------+---------
